 Dungeon Crawl Stone Soup version 0.25.1-8-g42b30a86e7 (webtiles) character file.

Game seed: 4975154214470066628

210 Allula97 the Shield-Bearer (level 5, 0/33 HPs)
             Began as a Gargoyle Fighter on Dec 12, 2020.
             Was a Follower of Qazlal.
             Slain by a river rat (5 damage)
             ... in a sewer.
             The game lasted 00:09:03 (2147 turns).

Allula97 the Shield-Bearer (Gargoyle Fighter)       Turns: 2147, Time: 00:09:04

Health: 0/33       AC: 13    Str: 25    XL:     5   Next: 88%
Magic:  5/5        EV:  3    Int:  9    God:    Qazlal [*.....]
Gold:   152        SH: 12    Dex: 10    Spells: 4/4 levels left

rFire    . . .     SeeInvis .   a - +0 flail
rCold    . . .     Gourm    .   c - +0 kite shield
rNeg     + . .     Faith    .   l - +0 chain mail
rPois    ∞         Spirit   .   (no helmet)
rElec    +         Reflect  .   (no cloak)
rCorr    .         Harm     .   (no gloves)
MR       .....                  (no boots)
Stlth    ..........             (no amulet)
HPRegen  0.11/turn              o - +6 ring of strength
MPRegen  0.09/turn              (no ring)

@: mighty, stab, constricted
A: negative energy resistance 1, electricity resistance, unbreathing,
petrification resistance, rot immunity, AC +4
a: Renounce Religion


You were in a sewer.
You worshipped Qazlal.
Qazlal was aware of your devotion.
You were hungry.

You visited 1 branch of the dungeon, and saw 3 of its levels.
You also visited: Sewer.

You collected 152 gold pieces.

Inventory:

Hand Weapons
 a - a +0 flail (weapon)
 k - a +6 dagger
 q - a +0 dagger of freezing
 r - a +2 dagger of draining
Armour
 b - a +0 scale mail
 c - a +0 kite shield (worn)
 l - a +0 chain mail (worn)
Jewellery
 o - a +6 ring of strength (left hand)
Wands
 p - a wand of acid (10)
Scrolls
 e - a scroll of random uselessness {unknown}
 h - 3 scrolls of teleportation {unknown}
 i - 2 scrolls of magic mapping {unknown}
 n - 2 scrolls of immolation
Potions
 j - a potion of flight {unknown}
 m - a potion of stabbing
Comestibles
 f - 6 rations
 g - 8 chunks of flesh


   Skills:
 * Level 3.7 Fighting
 * Level 3.4 Maces & Flails
 * Level 4.0 Armour
 * Level 1.0 Dodging
 - Level 1.3 Stealth
 * Level 4.4 Shields
 * Level 1.0 Invocations
 * Level 0.7 Evocations


You had 4 spell levels left.
You didn't know any spells.
Your spell library was empty.

Dungeon Overview and Level Annotations

Branches:
Dungeon (3/15)              Sewer (1/1)

Altars:
Elyvilon
Makhleb
Qazlal
Vehumet


Innate Abilities, Weirdness & Mutations

You are resistant to torment.
Your stone body is resilient. (AC +4)
You are immune to poison.
You resist negative energy. (rN+)
You are resistant to electric shocks. (rElec)
You can survive without breathing.
You are immune to petrification.
You are immune to rotting.


Message History

The river rat bites you but does no damage.
You block the rat's attack. x2
You hear an angry hiss. x2; You hear a shout! x2; You hear an angry hiss.
You hear a shout!
You barely miss the rat. You block the adder's attack.
The ball python bites you but does no damage.
* * * LOW HITPOINT WARNING * * *
The ball python constricts you.
An adder comes into view.
The rat bites you but does no damage. You block the river rat's attack.
The adder bites you.
* * * LOW HITPOINT WARNING * * *
You block the rat's attack. The rat bites you but does no damage.
The ball python completely misses you. The ball python constricts you.
It was a potion of stabbing.
You feel ready to backstab. The adder bites you.
* * * LOW HITPOINT WARNING * * *
The river rat bites you.
You die...

.....≈≈..≈≈r≈≈≈≈≈≈≈≈≈
≈≈≈≈≈≈≈≈≈≈≈≈≈≈≈≈≈≈≈≈≈≈
≈≈≈≈≈r≈≈≈≈≈≈≈≈≈≈≈≈≈≈≈≈≈
≈≈≈...≈≈≈≈≈≈≈≈≈≈S≈≈≈≈≈≈≈
.≈≈.......≈≈≈≈≈≈≈≈≈≈≈≈≈≈
≈..........≈≈≈≈≈≈≈≈..≈≈≈
.........rrrr........≈≈≈
........rrSrr..........
........rS@†r##........
..##....rrr#####......
##..##...# ##...#
###..#####..∩# ###
#∩..## #### #####


You could see 2 adders, 2 river rats, a ball python and 12 rats.

Vanquished Creatures
  4 gnolls (D:3)
  3 adders
  4 river rats (Sewer)
  2 dart slugs (D:2)
  4 leopard geckos
  3 orcs (D:3)
  4 giant cockroaches
  12 goblins
  7 hobgoblins
  10 jackals
  11 kobolds
  3 quokkas (D:2)
  5 ball pythons
  11 bats
  2 frilled lizards
  11 rats
96 creatures vanquished.

Notes
Turn   | Place    | Note
-------+----------+-------------------------------------------
     0 | D:1      | Allula97 the Gargoyle Fighter began the quest for the Orb.
     0 | D:1      | Reached XP level 1. HP: 14/14 MP: 1/1
    32 | D:1      | Reached XP level 2. HP: 19/19 MP: 2/2
   566 | D:1      | Reached XP level 3. HP: 21/23 MP: 3/3
  1000 | D:2      | Found a radiant altar of Vehumet.
  1048 | D:2      | Reached skill level 1 in Stealth
  1237 | D:2      | Reached XP level 4. HP: 28/28 MP: 4/4
  1387 | D:2      | Noticed a fire elemental
  1388 | D:2      | Found a stormy altar of Qazlal.
  1392 | D:2      | Noticed an earth elemental
  1393 | D:2      | Noticed a water elemental
  1393 | D:2      | Noticed an air elemental
  1398 | D:2      | Became a worshipper of Qazlal Stormbringer
  1690 | D:2      | Found a white marble altar of Elyvilon.
  1923 | D:3      | Reached * piety under Qazlal
  1923 | D:3      | Reached XP level 5. HP: 17/32 MP: 5/5
  2055 | D:3      | Reached skill level 1 in Dodging
  2077 | D:3      | Found a burning altar of Makhleb.
  2103 | D:3      | Found a glowing drain.
  2113 | Sewer    | Entered a sewer
  2144 | Sewer    | Reached skill level 1 in Invocations
  2147 | Sewer    | Slain by a river rat

Illustrated notes

Levels and vault maps discovered:
D:1:      dpeg_arrival_rooms_with_view, layout_basic
D:2:      layout_loops_ring, marbit_many_paths, vehumet_crystals, first_ration,
          nicolae_qazlal_style_of_elements
D:3:      minmay_skewed_foursquare, layout_basic, lemuel_crystal_altar,
          cheibrodos_sewer_entry_drain
Sewer:    sewer_minmay_treatment

Skill      XL: |  1  2  3  4  5 |
---------------+----------------+-----
Stealth        | 1 |  1.3
Shields        | 4 |  4.4
Maces & Flails | 3 |  3.4
Dodging        | 1 |  1.0
Invocations    | 1 |  1.0
Armour         | 4 |  4.0
Fighting       | |  3.7
Evocations     | |  0.7

Action                   |  1- 3 |  4- 6 || total
-------------------------+-------+-------++-------
Melee: Flail             |   152 |   181 ||   333
  Use: Scroll            |       |     3 ||     3
       Potion            |       |     2 ||     2
  Eat: Chunk             |     1 |     3 ||     4
Armor: Scale mail        |   100 |       ||   100
       Chain mail        |    17 |   210 ||   227
Dodge: Dodged            |    52 |    59 ||   111
Block: Kite shield       |    96 |   178 ||   274
